 Dungeon Crawl Stone Soup version 0.32-a0-995-gb4a59205af (webtiles) character file.

Game seed: 9739743220869177430

699 protoss039 the Digger (level 7, -3/52 HPs)
             Began as a Demonspawn Earth Elementalist on Apr 22, 2024.
             Slain by an orc warrior
             ... wielding a +0 war axe
              (11 damage)
             ... on level 5 of the Dungeon.
             The game lasted 00:06:22 (3682 turns).

protoss039 the Digger (DsEE)                        Turns: 3682, Time: 00:06:23

Health: -3/52      AC:  6    Str: 12    XL:     7   Next: 38%
Magic:  1/11       EV: 10    Int: 23    God:
Gold:   289        SH:  9    Dex: 12    Spells: 5/12 levels left

rFire   + . .        g - +2 dagger (venom)
rCold   + . .        (no shield)
rNeg    . . .        i - +0 ring mail
rPois   .            (helmet restricted)
rElec   .            (no cloak)
rCorr   .            l - +0 pair of gloves
SInv    .            (no boots)
Will    .....        n - amulet of reflection
Stlth   +            f - +6 ring of intelligence
HPRegen 0.28/turn    o - ring of protection from fire
MPRegen 0.12/turn

%: reflection
@: very slightly contaminated
A: horns 1, condensation shield, cold resistance 1, strong 1
a: no special abilities


You were on level 5 of the Dungeon.
You visited 2 branches of the dungeon, and saw 6 of its levels.

You collected 289 gold pieces.

Inventory:

Hand Weapons
 g - a +2 dagger of venom (weapon)
 q - the +8 short sword "Lutuing" {freeze, ^Drain rPois Will+}
   (You found it on level 3 of the Dungeon)

   rPois:     It protects you from poison.
   Will+:     It increases your willpower.
   ^Drain:    It drains your maximum health when unequipped.
Armour
 i - a +0 ring mail (worn)
 l - a +0 pair of gloves (worn)
Jewellery
 f - a +6 ring of intelligence (left hand)
 n - an amulet of reflection (around neck)
 o - a ring of protection from fire (right hand)
Wands
 t - a wand of flame (5)
Scrolls
 a - a scroll of brand weapon {unknown}
 e - 2 scrolls of teleportation {unknown}
 j - a scroll of amnesia {unknown}
 s - a scroll of fear {unknown}
 v - 2 scrolls of noise {unknown}
 y - a scroll of identify {unknown}
 z - a scroll of enchant armour {unknown}
Potions
 b - a potion of magic
 c - 2 potions of mutation
 d - a potion of cancellation {unknown}
 h - a potion of heal wounds {unknown}
 k - 7 potions of curing {unknown}
 m - 5 potions of attraction {unknown}
 p - a potion of resistance {unknown}
 r - 2 potions of lignification {unknown}
 u - 2 potions of berserk rage {unknown}
 w - a potion of brilliance {unknown}
 x - a potion of haste {unknown}


   Skills:
 + Level 3.0 Fighting
 * Level 2.8 Short Blades
 * Level 3.0 Armour
 - Level 3.0 Dodging
 - Level 1.7 Stealth
 + Level 3.1 Spellcasting
 - Level 3.0 Conjurations
 + Level 3.6 Earth Magic


You had 5 spell levels left.
You knew the following spells:

 Your Spells              Type           Power      Damage    Failure   Level
a - Sandblast             Erth           40%        2d10      5%          1
b - Passwall              Erth           20%        N/A       17%         3
c - Stone Arrow           Conj/Erth      36%        3d9       19%         3

Your spell library contained the following spells:

 Spells                   Type           Power      Damage    Failure   Level
 Kiss of Death            Conj/Necr      40%        2d8       13%         1
 Freeze                   Ice            12%        1d3       24%         1
 Hailstorm                Conj/Ice       10%        3d6       36%         3
 Brom's Barrelling Bould  Conj/Erth      18%        2d4       52%         4
 Confusing Touch          Hex            3%         N/A       58%         3
 Frozen Ramparts          Ice            6%         1d1       58%         3
 Fugue of the Fallen      Necr           3%         N/A       58%         3
 Ozocubu's Armour         Ice            3%         N/A       58%         3
 Petrify                  Alch/Erth      11%        N/A       75%         4
 Dispel Undead            Necr           3%         3d7       94%         4
 Manifold Assault         Tloc           1%         N/A       100%        7


Dungeon Overview and Level Annotations

Branches:
Dungeon (5/15) Zot: 26305  Temple (1/1) D:4 Zot: 5998

Altars:
Cheibriados
Dithmenos
Gozag
Hepliaklqana
Makhleb
Nemelex Xobeh
Okawaru
Qazlal
Trog
Uskayaw
Wu Jian
Xom
Yredelemnul


Innate Abilities, Weirdness & Mutations

You have a pair of small horns on your head.
A meltable shield of frost defends you. (SH +4)
Your flesh is cold resistant. (rC+)
Your muscles are strong. (Str +4, Int/Dex -1)


Message History

Confirm with . or Enter, or press ? or * to list all spells.
Aiming: Stone Arrow (dangerous; 24% risk of failure)
Press: ? - help, Shift-Dir - straight line, f - orc warrior
Aim: an orc warrior, wielding a +0 war axe, wearing a +0 chain mail and quivering boomerangs (64% to hit)
You miscast Stone Arrow.
You are very lightly contaminated with residual magic.
Nothing appears to happen.
Casting: Stone Arrow (dangerous; 24% risk of failure)
Confirm with . or Enter, or press ? or * to list all spells.
Aiming: Stone Arrow (dangerous; 24% risk of failure)
Press: ? - help, Shift-Dir - straight line, f/p - orc warrior
Aim: an orc warrior, wielding a +0 war axe, wearing a +0 chain mail and quivering boomerangs (64% to hit)
You miscast Stone Arrow.
Nothing appears to happen.
Unknown command.
Casting: Stone Arrow (dangerous; 24% risk of failure)
Confirm with . or Enter, or press ? or * to list all spells.
Aiming: Stone Arrow (dangerous; 24% risk of failure)
Press: ? - help, Shift-Dir - straight line, f/p - orc warrior
Aim: an orc warrior, wielding a +0 war axe, wearing a +0 chain mail and quivering boomerangs (64% to hit)
You miscast Stone Arrow.
Nothing appears to happen.
You block the orc warrior's attack.
Unknown command.
You hit the orc warrior but do no damage.
The orc warrior hits you with a +0 war axe!
Unknown command.
You hit the orc warrior but do no damage.
The orc warrior is poisoned.
Your headbutt misses the orc warrior.
The orc warrior hits you with a +0 war axe!
* * * LOW HITPOINT WARNING * * *
Unknown command.
It was a potion of mutation.
You feel extremely strange.
You feel resistant to cold.
You feel stronger. The orc warrior barely misses you.
Unknown command.
Okay, then.
Things that are here:
a +0 falchion; a +0 club The orc warrior attacks as it pursues you!
The orc warrior hits you with a +0 war axe!
You die...

#.###### #..# ##
##.# ###ß## #.#
#....# #.#####
###..## ##.....
#)))..# #.....
#o#..## ##.....
#@#....# #......
##.###ß### ##.....
#....###.##########
#....##.....##.....
#..................
#..................
#....##.....#######
#....##.....#
#....##.....#


You could see an orc warrior (very poisoned).

Vanquished Creatures
  A black bear (D:4)
  An ogre (D:4)
  A scorpion (D:4)
  A howler monkey (D:4)
  A bombardier beetle (D:4)
  2 hounds (D:4)
  2 orc priests
  3 iguanas
  9 adders
  3 ribbon worms
  8 dart slugs
  13 orcs
  6 endoplasms
  3 giant cockroaches
  8 goblins
  4 hobgoblins
  4 jackals
  11 kobolds
  3 quokkas
  5 ball pythons
  2 bats
  4 rats
95 creatures vanquished.

Notes
Turn   | Place    | Note
-------+----------+-------------------------------------------
     0 | D:1      | protoss039 the Demonspawn Earth Elementalist began the
                  | quest for the Orb.
     0 | D:1      | Reached XP level 1. HP: 13/13 MP: 3/3
   358 | D:1      | Gained mutation: You have a pair of small horns on your
                  | head. [demonic ancestry]
   358 | D:1      | Reached XP level 2. HP: 18/20 MP: 1/5
   529 | D:1      | Reached skill level 1 in Fighting
  1000 | D:2      | Found a hazy altar of Hepliaklqana.
  1192 | D:2      | Reached XP level 3. HP: 25/26 MP: 6/6
  1374 | D:2      | Reached skill level 1 in Armour
  1476 | D:2      | Learned a level 3 spell: Passwall
  1604 | D:3      | Identified the +8 short sword "Lutuing" {freeze, ^Drain
                  | rPois Will+}
  1761 | D:3      | Reached XP level 4. HP: 32/32 MP: 7/7
  2107 | D:3      | Learned a level 3 spell: Stone Arrow
  2167 | D:4      | Reached skill level 1 in Short Blades
  2306 | D:4      | Gained mutation: A meltable shield of frost defends you.
                  | (SH +4) [demonic ancestry]
  2306 | D:4      | Reached XP level 5. HP: 31/38 MP: 2/8
  2673 | D:4      | Found a staircase to the Ecumenical Temple.
  2685 | D:4      | Reached XP level 6. HP: 44/44 MP: 10/10
  2690 | Temple   | Entered the Ecumenical Temple
  2961 | D:4      | Reached XP level 7. HP: 28/51 MP: 5/11
  3194 | D:5      | Entered Level 5 of the Dungeon
  3382 | D:5      | Found a shadowy altar of Dithmenos.
  3680 | D:5      | Gained mutation: Your flesh is cold resistant. (rC+)
                  | [potion of mutation]
  3680 | D:5      | Gained mutation: Your muscles are strong. (Str +4, Int/Dex
                  | -1) [potion of mutation]
  3682 | D:5      | Slain by an orc warrior

Illustrated notes

Levels and vault maps discovered:
D:1:      spicycebolla_arrival_ecumenical, layout_basic, minmay_misc_feat_five
D:2:      layout_basic, basic_altar, kennysheep_another_room
D:3:      layout_basic
D:4:      cheibrodos_barr_body, layout_loops_cross, minmay_temple_entry_junction
D:5:      layout_gridville, grunt_dithmenos_smoke, dreamdust_princess_corridor,
          pf_guarded_unrand_meek
Temple:   nicolae_temple_god_jail

Skill      XL: |  1  2  3  4  5  6  7 |
---------------+----------------------+-----
Fighting       | 1 2 3 |  3.0
Earth Magic    | 3 |  3.6
Dodging        | 2 3 |  3.0
Armour         | 1 2 3 |  3.0
Short Blades   | 1 2 |  2.8
Conjurations   | 2 3 |  3.0
Spellcasting   | 3 |  3.1
Stealth        | |  1.7

Action                     |  1- 3 |  4- 6 |  7- 9 || total
---------------------------+-------+-------+-------++-------
  Melee: Unarmed           |    11 |       |       ||    11
         Dagger            |    64 |    85 |    67 ||   216
         Headbutt          |     9 |    17 |    18 ||    44
         Short sword       |     2 |       |       ||     2
   Cast: Sandblast         |    22 |    21 |    17 ||    60
    Use: Potion            |       |       |     1 ||     1
   Stab: Sleeping          |     2 |       |       ||     2
 Armour: Robe              |    14 |       |       ||    14
         Ring mail         |    36 |    48 |    38 ||   122
  Dodge: Dodged            |    46 |    39 |    19 ||   104
  Block: Other             |       |    31 |    24 ||    55
         Reflection        |       |     1 |       ||     1

Table legend: (Time is in decaauts)
 A = Elapsed time spent in this place.
 B = Non-inter-level travel time spent in this place.
 C = Inter-level travel time spent in this place.
 D = Time resting spent in this place.
 E = Time spent auto-exploring this place.
 F = Levels seen in this place.
 G = Mean time per level.
                   A        B        C        D        E       F      G
               +--------+--------+--------+--------+--------+-----+--------+
         Total |   3695 |   3494 |    201 |    175 |   2604 |   6 |  615.8 |
       Dungeon |   3693 |   3492 |    201 |    175 |   2604 |   5 |  738.6 |
        Temple |      1 |      1 |      0 |      0 |      0 |   1 |    1.0 |
               +--------+--------+--------+--------+--------+-----+--------+

Top non-repeatable levels by time:
     D:4: 1088 daAuts
     D:1: 804 daAuts
     D:2: 681 daAuts
     D:3: 632 daAuts
     D:5: 487 daAuts
  Temple: 1 daAuts
